 Dungeon Crawl Stone Soup version 0.30-a0-782-ge64f9170bb (webtiles) character file.

Game seed: 2992082258466085871

232 vineage the Covered (level 6, -1/39 HPs)
             Began as a Gargoyle Fighter on Mar 17, 2023.
             Was an Initiate of the Shining One.
             Slain by Duvessa
             ... wielding a +0 short sword
              (5 damage)
             ... on level 4 of the Dungeon.
             The game lasted 00:02:33 (2621 turns).

vineage the Covered (Gargoyle Fighter)              Turns: 2621, Time: 00:02:33

Health: -1/39      AC: 16    Str: 19    XL:     6   Next: 4%
Magic:  6/6        EV:  7    Int:  9    God:    the Shining One [......]
Gold:   108        SH:  4    Dex: 11    Spells: 5/5 levels left

rFire   . . .      SeeInvis .    a - +0 flail
rCold   . . .      Faith    .    c - +0 buckler
rNeg    + . .      Spirit   .    f - +0 chain mail
rPois   ∞          Reflect  .    g - +0 helmet
rElec   +          Harm     .    d - +0 cloak
rCorr   .          Rampage  .    (no gloves)
Will    .....                    (no boots) Stlth
                                 (no amulet)
HPRegen 0.26/turn                (no ring)
MPRegen 0.10/turn                (no ring)

@: glowing
A: sickness immunity, AC +4, negative energy resistance 1, electricity
resistance, torment resistance 1, petrification resistance
a: Renounce Religion


You were on level 4 of the Dungeon.
You worshipped the Shining One.
The Shining One was noncommittal.
You visited 1 branch of the dungeon, and saw 4 of its levels.

You collected 108 gold pieces.

Inventory:

Hand Weapons
 a - a +0 flail (weapon)
Armour
 b - a +0 scale mail
 c - a +0 buckler (worn)
 d - a +0 cloak (worn)
 f - a +0 chain mail (worn)
 g - a +0 helmet (worn)
Jewellery
 n - an amulet of regeneration
Wands
 i - a wand of flame (22)
 o - a wand of quicksilver (6)
Scrolls
 h - a scroll of identify {unknown}
 l - a scroll of immolation
Potions
 e - a potion of invisibility
 j - a potion of curing
 m - a potion of berserk rage {unknown}


   Skills:
 + Level 4.3 Fighting
 * Level 4.0 Maces & Flails
 + Level 4.4 Armour
 + Level 4.3 Shields


You had 5 spell levels left.
You didn't know any spells.
Your spell library contained the following spells:

 Spells                   Type           Power      Damage    Failure   Level
 Ignite Poison            Fire/Tmut/Pois 0%         N/A       100%        3
 Kindle Blastsparks       Fire/Tloc/Air  0%         2d10      100%        3
 Freezing Cloud           Conj/Ice/Air   0%         6-21      100%        5


Dungeon Overview and Level Annotations

Branches:
Dungeon (4/15)
 Temple: D:4-7

Altars:
Cheibriados
Fedhas
Vehumet
The Shining One

Annotations:
D:4 Dowan, Duvessa, Grinder


Innate Abilities, Weirdness & Mutations

You are immune to sickness and miasma.
Your stone body is resilient. (AC +4)
You are immune to poison.
You resist negative energy. (rN+)
You are resistant to electric shocks. (rElec)
You are resistant to unholy torment.
You are immune to petrification.


Message History

Dowan gestures at you while chanting.
The puff of flame hits you but does no damage.
You closely miss the kobold brigand.
The kobold brigand is heavily wounded.
The kobold brigand hits you but does no damage.
Duvessa completely misses you.
Dowan casts a spell at Duvessa.
Duvessa seems to speed up.
You hit the kobold brigand.
The kobold brigand is severely wounded.
You block Duvessa's attack.
The kobold brigand hits you but does no damage.
Duvessa drinks a potion.
Duvessa seems to grow stronger.
You closely miss the kobold brigand.
The kobold brigand is severely wounded.
Duvessa hits you with a +0 short sword!
The kobold brigand hits you but does no damage.
Duvessa hits you with a +0 short sword!
* * * LOW HITPOINT WARNING * * *
The kobold brigand completely misses you.
You are too injured to fight recklessly!
As you read the scroll labelled KOUDDYAMPO, it crumbles to dust.
The creatures around you are filled with an inner flame!
It was a scroll of immolation.
Duvessa hits you but does no damage.
Dowan hits you with a +2 dagger of freezing.
* * * LOW HITPOINT WARNING * * *
Dowan freezes you.
* * * LOW HITPOINT WARNING * * *
The kobold brigand hits you but does no damage.
It was a potion of curing.
You feel better. Duvessa hits you but does no damage.
Duvessa hits you with a +0 short sword.
The kobold brigand hits you but does no damage.
You block Dowan's attack. You block Duvessa's attack. Dowan barely misses you.
Duvessa hits you with a +0 short sword!
* * * LOW HITPOINT WARNING * * *
The kobold brigand attacks as you move away!
The kobold brigand hits you but does no damage.
Duvessa attacks as you move away! Duvessa hits you with a +0 short sword.
You die...

###### ## .
.... .. ..
#.. .# ...
#.###.#..#
#.........
#.Ke..#####
#.e@.......
##....#####
#....#
#...(#
#....#
######


You could see Duvessa (fast, inner flame, strong), a kobold brigand (inner
flame) and Dowan (inner flame).

Vanquished Creatures
  A black bear (D:4)
  Crazy Yiuf (D:2)
  An iguana (D:3)
  4 adders
  2 worms
  2 dart slugs
  2 giant cockroaches
  6 goblins
  3 hobgoblins
  8 kobolds
  5 quokkas
  2 ball pythons
  5 bats
  2 frilled lizards
  3 rats
47 creatures vanquished.

Notes
Turn   | Place    | Note
-------+----------+-------------------------------------------
     0 | D:1      | vineage the Gargoyle Fighter began the quest for the Orb.
     0 | D:1      | Reached XP level 1. HP: 14/14 MP: 1/1
   282 | D:1      | Reached XP level 2. HP: 15/19 MP: 2/2
   461 | D:1      | Reached XP level 3. HP: 20/23 MP: 3/3
   714 | D:2      | Found a faded altar of an unknown god.
   782 | D:2      | Found a runed translucent door.
   783 | D:2      | Noticed Crazy Yiuf
  1442 | D:2      | Killed Crazy Yiuf
  1443 | D:2      | Reached XP level 4. HP: 14/29 MP: 4/4
  1774 | D:3      | Found a radiant altar of Vehumet.
  1894 | D:3      | Reached XP level 5. HP: 32/33 MP: 5/5
  1912 | D:3      | Found a glowing golden altar of the Shining One.
  1915 | D:3      | Became a worshipper of the Shining One
  2050 | D:3      | Found a blossoming altar of Fedhas.
  2385 | D:4      | Noticed a black bear
  2390 | D:4      | Killed a black bear
  2391 | D:4      | Reached XP level 6. HP: 38/39 MP: 6/6
  2404 | D:4      | Found a snail-covered altar of Cheibriados.
  2425 | D:4      | Noticed Dowan
  2430 | D:4      | Noticed Duvessa
  2434 | D:4      | Noticed Grinder
  2621 | D:4      | Slain by Duvessa

Illustrated notes

Levels and vault maps discovered:
D:1:      amcnicky_arrival_flooded_fountain, layout_rooms
D:2:      layout_loops_corners, basic_ecumenical_altar, uniq_crazy_yiuf_cottage
D:3:      layout_loops_ring, mainiacjoe_overflow_alcove_1, tso_oasis_becter,
          fedhas_altar_2
D:4:      layout_basic, old_standard_altar, minmay_misc_feat_nine_boxes,
          fountainhead, kennysheep_generic_room_14, uniq_sigmund, uniq_grinder,
          uniq_duvessa

Skill      XL: |  1  2  3  4  5 |
---------------+----------------+-----
Maces & Flails | 3 4 |  4.0
Fighting       | 4 |  4.3
Armour         | 4 |  4.4
Shields        | 4 |  4.3

Action                     |  1- 3 |  4- 6 || total
---------------------------+-------+-------++-------
  Melee: Flail             |   107 |    81 ||   188
    Use: Scroll            |     4 |     6 ||    10
         Potion            |     1 |     1 ||     2
 Armour: Chain mail        |    96 |    79 ||   175
         Scale mail        |     7 |       ||     7
  Dodge: Dodged            |    56 |    42 ||    98
  Block: Buckler           |    25 |    23 ||    48

Table legend: (Time is in decaauts)
 A = Elapsed time spent in this place.
 B = Non-inter-level travel time spent in this place.
 C = Inter-level travel time spent in this place.
 D = Time resting spent in this place.
 E = Time spent auto-exploring this place.
 F = Levels seen in this place.
 G = Mean time per level.
                   A        B        C        D        E       F      G
               +--------+--------+--------+--------+--------+-----+--------+
         Total |   2678 |   2512 |    166 |    159 |   1890 |   4 |  669.5 |
       Dungeon |   2678 |   2512 |    166 |    159 |   1890 |   4 |  669.5 |
               +--------+--------+--------+--------+--------+-----+--------+

Top non-repeatable levels by time:
     D:2: 867 daAuts
     D:3: 826 daAuts
     D:1: 705 daAuts
     D:4: 279 daAuts
